 Dungeon Crawl Stone Soup version 0.26.1-11-gd32895ea62 (webtiles) character file.

Game seed: 6815811424117417943

763 H0rd4k the Insei (level 7, -4/45 HPs)
             Began as an Octopode Transmuter on May 7, 2021.
             Slain by a killer bee (9 damage)
             ... on level 5 of the Dungeon.
             The game lasted 00:04:18 (5491 turns).

H0rd4k the Insei (Octopode Transmuter)              Turns: 5491, Time: 00:04:18

Health: -4/45      AC:  2    Str: 10    XL:     7   Next: 81%
Magic:  19/21      EV: 21    Int: 17    God:
Gold:   227        SH:  0    Dex: 17    Spells: 8/12 levels left

rFire    . . .     SeeInvis .     - Unarmed
rCold    . . .     Faith    .   (shield currently unavailable)
rNeg     . . .     Spirit   .   (helmet currently unavailable)
rPois    x         Reflect  .   (no amulet)
rElec    .         Harm     .   i - ring of magical power
rCorr    .         Rampage  .   (no ring)
Will     .....                  (no ring)
Stlth    ++........             (no ring)
HPRegen  0.15/turn              (no ring)
MPRegen  0.17/turn              (no ring)
                                (no ring)
                                (no ring)

@: lethally poisoned (-4 -> -29), spider-form (expiring)
A: tiny, almost no armour, stealthy swim, (amphibious), 8 rings, (constrict 8)
a: End Transformation


You were on level 5 of the Dungeon.
You were a venomous arachnid creature.
You visited 1 branch of the dungeon, and saw 5 of its levels.

You collected 227 gold pieces.

Inventory:

Missiles
 s - 14 poisoned darts
Jewellery
 a - an uncursed amulet of magic regeneration {unknown}
 i - a ring of magical power (left front leg)
Scrolls
 e - a scroll of enchant armour {unknown}
 g - 2 scrolls of magic mapping
 j - a scroll of immolation {unknown}
 l - a scroll of fog {unknown}
 m - a scroll of enchant weapon {unknown}
 n - a scroll of noise {unknown}
 o - 2 scrolls of blinking {unknown}
 q - 3 scrolls of teleportation {unknown}
 r - a scroll of remove curse
Potions
 b - a potion of haste {unknown}
 c - a potion of heal wounds
 d - a potion of cancellation
 f - a potion of might
 h - a potion of ambrosia
 k - a potion of curing {unknown}
 p - a potion of brilliance
 t - a potion of magic {unknown}


   Skills:
 + Level 2.2 Fighting
 + Level 3.3 Dodging
 - Level 0.8 Stealth
 + Level 6.3 Unarmed Combat
 * Level 3.4 Spellcasting
 * Level 3.8 Transmutations
 + Level 2.2 Poison Magic


You had 8 spell levels left.
You knew the following spells:

 Your Spells              Type           Power        Failure   Level
a - Beastly Appendage     Tmut           32%          12%         1
b - Spider Form           Tmut/Pois      6%           32%         3

Your spell library contained the following spells:

 Spells                   Type           Power        Failure   Level
 Wereblood                Tmut           16%          16%         2
 Ice Form                 Ice/Tmut       9%           78%         4
 Blade Hands              Tmut           8%           85%         5


Dungeon Overview and Level Annotations

Branches:
Dungeon (5/15)
 Temple: D:4-7

Altars:
Ashenzari
Okawaru

Annotations:
D:4 Eustachio


Innate Abilities, Weirdness & Mutations

You cannot wear most types of armour.
You are very stealthy in the water. (Stealth+)
((You are amphibious.))
You can wear up to eight rings at the same time.
((You can use your tentacles to constrict eight enemies at once.))
((Your skin changes colour to match your surroundings (Stealth+).))
((Your rubbery body absorbs attacks. (AC +1, EV +1)))


Message History

An adder comes into view.
The killer bee stings you.
You are poisoned.
The killer bee poisons you!
The adder moves out of view.
You barely miss the killer bee.
You feel sick. The killer bee stings you.
You are lethally poisoned!
The killer bee poisons you!
You barely miss the killer bee.
You feel sick. The killer bee stings you! The killer bee misses you.
You barely miss the killer bee.
Your transformation is almost over.
* * * LOW HITPOINT WARNING * * *
You feel very sick. The killer bee closely misses you.
The killer bee stings you.
* * * LOW HITPOINT WARNING * * *
You bite the killer bee!
The killer bee is poisoned.
The killer bee is severely wounded.
* * * LOW HITPOINT WARNING * * *
You feel sick. The killer bee stings you!
You die...

.#.#.# ## .#.#.#.# #.#
.#.#.#.#.#.# #.##
#.#.#.#.#.#.#?#.#.#
.#.#.#.#.#.#.#.#.## .
#.#.#.#.#.#.#.#.#.#####≈.
#<#.#.#.#.#.#.#.#...⌠≈..
#.#.#.#.#.#.#.#y#..#
.#.#.#.#.#.#.#.#s#.#
#.#.#.#.#.#.#.#.#..#
.#.#.#.#.#.#.#.#.#.#
#.#.#.#.#.#.#.#.#..#
.#.#.#.#†#.#.#.#.#..
#.#.#.#.#.#.#.#.#+###
.#.#.#.#.#.#.#....
#.#.#.#?#.#.#.#....
.#+#.#.#.# #.#.....


You could see a killer bee (very poisoned).

Vanquished Creatures
  Menkaure (D:4)
  A phantom (D:4)
  An ogre (D:4)
  A scorpion (D:4)
  A killer bee (D:5)
  2 worker ants (D:4)
  3 iguanas
  4 orc wizards (D:3)
  A hound skeleton (D:4)
  6 adders
  An adder skeleton (D:4)
  A worm (D:4)
  A dart slug (D:1)
  4 leopard geckos
  3 orcs (D:3)
  A ball python (D:3)
  3 bats
  4 giant cockroaches
  6 goblins
  7 hobgoblins
  11 jackals
  3 kobolds
  2 quokkas
  4 frilled lizards
  A quokka skeleton (D:4)
  6 rats
79 creatures vanquished.

Vanquished Creatures (others)
  A plant (D:1)
1 creature vanquished.

Grand Total: 80 creatures vanquished

Notes
Turn   | Place    | Note
-------+----------+-------------------------------------------
     0 | D:1      | H0rd4k the Octopode Transmuter began the quest for the Orb.
     0 | D:1      | Reached XP level 1. HP: 13/13 MP: 3/3
   410 | D:1      | Reached XP level 2. HP: 18/18 MP: 5/5
  1196 | D:2      | Reached XP level 3. HP: 23/23 MP: 6/6
  1200 | D:2      | Learned a level 3 spell: Spider Form
  2283 | D:2      | Reached XP level 4. HP: 21/28 MP: 7/7
  2289 | D:2      | Reached skill level 4 in Unarmed Combat
  2884 | D:3      | Reached skill level 1 in Poison Magic
  3315 | D:3      | Reached XP level 5. HP: 11/33 MP: 8/8
  3686 | D:3      | Reached XP level 6. HP: 14/39 MP: 9/9
  3923 | D:4      | Reached skill level 5 in Unarmed Combat
  4023 | D:4      | Found a broken altar of Ashenzari.
  4092 | D:4      | Noticed Menkaure
  4107 | D:4      | Killed Menkaure
  4108 | D:4      | Reached XP level 7. HP: 23/45 MP: 11/11
  4272 | D:4      | Noticed Eustachio
  4792 | D:4      | Found an iron altar of Okawaru.
  4956 | D:4      | Reached skill level 6 in Unarmed Combat
  5445 | D:5      | Entered Level 5 of the Dungeon
  5491 | D:5      | Slain by a killer bee

Illustrated notes

Levels and vault maps discovered:
D:1:      dpeg_arrival_radiant, layout_loops_ring, serial_forest,
          infiniplex_forest_end_2, infiniplex_forest_straight_1,
          infiniplex_forest_clump_diagonal, infiniplex_forest_zigzag_2,
          infiniplex_forest_clump_large, infiniplex_forest_clump_cross
D:2:      layout_basic
D:3:      layout_loops_ring
D:4:      layout_loops_ring, kennysheep_mini, kennysheep_okawaru_gauntlet,
          uniq_eustachio, uniq_menkaure
D:5:      layout_basic, grunt_ministairs_2, xom_redecorated, uniq_edmund,
          uniq_sigmund, uniq_grinder

Skill      XL: |  1  2  3  4  5  6  7 |
---------------+----------------------+-----
Unarmed Combat | 4 5 6 |  6.3
Poison Magic   | 1 2 |  2.2
Transmutations | 3 |  3.8
Fighting       | 2 |  2.2
Dodging        | 3 |  3.3
Spellcasting   | 3 |  3.4
Stealth        | |  0.8

Action                   |  1- 3 |  4- 6 |  7- 9 || total
-------------------------+-------+-------+-------++-------
Melee: Unarmed           |    90 |    99 |    54 ||   243
       Constrict         |    21 |    15 |     8 ||    44
       Tentacles         |     7 |    11 |     8 ||    26
       Punch             |     2 |     2 |     2 ||     6
 Cast: Spider Form       |       |     5 |     1 ||     6
  Use: Scroll            |       |     4 |     4 ||     8
       Potion            |       |     1 |       ||     1
 Stab: Sleeping          |     5 |     5 |     1 ||    11
Armor: Skin              |     4 |     3 |     2 ||     9
Dodge: Dodged            |    49 |    57 |    32 ||   138
